 Dungeon Crawl Stone Soup version 0.30-a0-782-ge64f9170bb (webtiles) character file.

Game seed: 14623232939525362418

459 Jossarian the Conjurer (level 7, -1/76 HPs)
             Began as a Gnoll Conjurer on Feb 22, 2023.
             Slain by a phantom (6 damage)
             ... on level 4 of the Dungeon.
             The game lasted 00:54:01 (3085 turns).

Jossarian the Conjurer (Gnoll Conjurer)             Turns: 3085, Time: 00:54:02

Health: -1/76      AC: 23    Str:  6    XL:     7   Next: 6%
Magic:  13/15      EV:  2    Int: 20    God:
Gold:   241        SH:  0    Dex: 10    Spells: 12/17 levels left

rFire   . . .      SeeInvis .    v - +3 quarterstaff (chaos)
rCold   . . .      Faith    .    (shield currently unavailable)
rNeg    . . .      Spirit   .    (body armour currently unavailable)
rPois   +          Reflect  .    (helmet currently unavailable)
rElec   .          Harm     .    (cloak currently unavailable)
rCorr   .          Rampage  .    (gloves currently unavailable)
Will    +....      NoTele   +    (boots currently unavailable)
Stlth   +++                      (no amulet)
HPRegen 0.32/turn                t - ring of wizardry
MPRegen 0.14/turn                h - ring of willpower

@: tree-form
A: stationary, stasis, torment immunity, boosted hp, (fangs 1), strong nose,
distributed training
a: no special abilities


You were on level 4 of the Dungeon.
You were a tree.
You visited 1 branch of the dungeon, and saw 5 of its levels.

You collected 241 gold pieces.

Inventory:

Hand Weapons
 j - a +0 mace of protection
 n - a +0 dagger of freezing
 o - a +0 mace of venom
 r - a +2 hand axe of flaming
 v - a +3 quarterstaff of chaos (weapon)
Missiles
 e - 14 boomerangs (quivered)
 k - 11 stones
Armour
 a - a +0 robe (melded)
 m - a +0 leather armour
 w - a +0 cloak of willpower (melded)
Jewellery
 c - a ring of protection from cold
 h - a ring of willpower (right branch)
 t - a ring of wizardry (left branch)
 u - a ring of protection from cold
Scrolls
 q - a scroll of vulnerability
Potions
 b - a potion of magic
 f - 2 potions of lignification
 i - a potion of curing
 p - 2 potions of mutation {unknown}
 s - 2 potions of brilliance {unknown}


   Skills:
 + Level 2.3 Fighting
 + Level 2.3 Short Blades
 + Level 2.3 Long Blades
 + Level 2.3 Axes
 + Level 2.3 Maces & Flails
 + Level 2.3 Polearms
 + Level 2.3 Staves
 + Level 2.3 Ranged Weapons
 + Level 2.3 Throwing
 + Level 2.3 Armour
 + Level 5.1 Dodging
 + Level 4.8 Stealth
 + Level 2.3 Shields
 + Level 2.3 Unarmed Combat
 + Level 5.5 Spellcasting
 + Level 7.4 Conjurations
 + Level 1.9 Hexes
 + Level 1.9 Summonings
 + Level 1.9 Necromancy
 + Level 1.9 Translocations
 + Level 1.9 Transmutations
 + Level 1.9 Fire Magic
 + Level 1.9 Ice Magic
 + Level 1.9 Air Magic
 + Level 1.9 Earth Magic
 + Level 1.9 Poison Magic
 + Level 2.5 Invocations
 + Level 2.3 Evocations


You had 12 spell levels left.
You knew the following spells:

 Your Spells              Type           Power      Damage    Failure   Level
a - Magic Dart            Conj           100%       1d8       1%          1
b - Searing Ray           Conj           70%        2d7       1%          2
c - Poisonous Vapours     Pois/Air       26%        N/A       3%          2

Your spell library contained the following spells:

 Spells                   Type           Power      Damage    Failure   Level
 Dazzling Flash           Conj/Hex       48%        N/A       1%          3
 Mephitic Cloud           Conj/Pois/Air  20%        N/A       2%          3
 Cigotuvi's Dreadful Rot  Necr/Pois/Air  26%        N/A       3%          2
 Fulminant Prism          Conj/Hex       12%        3d9       6%          4
 Iskenderun's Mystic Bla  Conj/Tloc      24%        2d7       6%          4
 Malign Gateway           Summ/Tloc      6%         N/A       100%        7
 Summon Horrible Things   Summ           6%         N/A       100%        8


Dungeon Overview and Level Annotations

Branches:
Dungeon (5/15)
 Temple: D:4-7

Altars:

Shops:
D:1 *[


Innate Abilities, Weirdness & Mutations

You are a tree.
Your roots penetrate the ground, keeping you stationary.
You cannot be teleported.
You are immune to unholy pain and torment.
Your maximum health is greatly increased.
Your equipment is partially melded.
((You have very sharp teeth.))
Your uncanny sense of smell can sniff out nearby items.
Your experience applies equally to all skills.


Message History

* * * LOW HITPOINT WARNING * * *
The phantom attacks as you move away! The phantom hits you.
* * * LOW HITPOINT WARNING * * *
The phantom attacks as you move away!
The phantom hits you but does no damage.
The phantom attacks as you move away! The phantom hits you.
* * * LOW HITPOINT WARNING * * *
The ufetubus hits you but does no damage.
The ufetubus misses you.
You see here a hobgoblin skeleton.
The ufetubus completely misses you. The ufetubus hits you.
* * * LOW HITPOINT WARNING * * *
The ufetubus barely misses you.
The ufetubus hits you but does no damage.
There is a stone staircase leading up here.
The phantom hits you.
* * * LOW HITPOINT WARNING * * *
The phantom blinks!
You blink.
You stop ascending the stairs.
You turn into a tree.
Your +0 cloak of willpower melds into your body.
Your +0 robe melds into your body.
You feel less strong-willed.
Your roots penetrate the ground.
The phantom hits you but does no damage.
You hit the phantom but do no damage.
The phantom is heavily damaged.
The phantom hits you but does no damage.
You miss the phantom.
The phantom is heavily damaged.
The phantom hits you but does no damage.
The phantom hits you.
* * * LOW HITPOINT WARNING * * *
You barely miss the phantom.
The phantom is heavily damaged.
The ufetubus seems to regain its courage.
The phantom hits you.
* * * LOW HITPOINT WARNING * * *
You hit the phantom. You burn the phantom.
The phantom is heavily damaged.
The phantom hits you.
You die...

#.#.######
#.#......#######
#.######.#.))..# #.#
#....)..##.# #.#
#.##.#.<÷..# #.# #.
#[#÷5§###
#.###.##[÷.....#
#.#.....####.#.#
#.#.#....#♣W5#.#####
#.#...#..#.###.....#
#.#.###..#.# #####.#
#........#>#######.#
###.#.......#...)..#
#.#.##.####.######
#...........#
###l...###### ######


You could see a phantom and an ufetubus.

Vanquished Creatures
  Sigmund (D:3)
  A jelly (D:3)
  Crazy Yiuf (D:3)
  A bullfrog skeleton (D:3)
  A hound (D:4)
  An orc wizard (D:4)
  Natasha (D:3)
  The ghost of Touch the Trooper, a weakling DsMo (D:3)
  A howler monkey skeleton (D:3)
  3 adders (D:3)
  A gnoll (D:1)
  A shadow imp (D:4)
  A worm (D:3)
  4 orcs
  3 ball pythons (D:2)
  2 endoplasms
  2 giant cockroaches
  9 hobgoblins
  5 quokkas
  4 bats
  4 frilled lizards
  7 goblins
  7 kobolds
  10 rats
72 creatures vanquished.

Vanquished Creatures (collateral kills)
  A goblin (D:1)
1 creature vanquished.

Grand Total: 73 creatures vanquished

Notes
Turn   | Place    | Note
-------+----------+-------------------------------------------
     0 | D:1      | Jossarian the Gnoll Conjurer began the quest for the Orb.
     0 | D:1      | Reached XP level 1. HP: 13/13 MP: 6/6
   152 | D:1      | Reached XP level 2. HP: 20/20 MP: 2/7
   242 | D:1      | Found Wuquv's Antique Armour Emporium.
   328 | D:1      | Reached skill level 5 in Spellcasting
   328 | D:1      | Reached XP level 3. HP: 25/25 MP: 2/9
   331 | D:1      | Found Jaalow's Assorted Antiques.
   394 | D:1      | Found a faded altar of an unknown god.
   758 | D:2      | Reached skill level 1 in Invocations
  1153 | D:2      | Reached skill level 1 in Fighting
  1153 | D:2      | Reached skill level 1 in Short Blades
  1153 | D:2      | Reached skill level 1 in Long Blades
  1153 | D:2      | Reached skill level 1 in Axes
  1153 | D:2      | Reached skill level 1 in Maces & Flails
  1153 | D:2      | Reached skill level 1 in Polearms
  1153 | D:2      | Reached skill level 1 in Staves
  1153 | D:2      | Reached skill level 1 in Ranged Weapons
  1153 | D:2      | Reached skill level 1 in Throwing
  1153 | D:2      | Reached skill level 1 in Armour
  1153 | D:2      | Reached skill level 1 in Shields
  1153 | D:2      | Reached skill level 1 in Unarmed Combat
  1153 | D:2      | Reached skill level 1 in Evocations
  1232 | D:2      | Learned a level 2 spell: Searing Ray
  1612 | D:3      | Reached XP level 4. HP: 32/32 MP: 7/11
  1841 | D:3      | Reached skill level 1 in Hexes
  1841 | D:3      | Reached skill level 1 in Summonings
  1841 | D:3      | Reached skill level 1 in Necromancy
  1841 | D:3      | Reached skill level 1 in Translocations
  1841 | D:3      | Reached skill level 1 in Transmutations
  1841 | D:3      | Reached skill level 1 in Fire Magic
  1841 | D:3      | Reached skill level 1 in Ice Magic
  1841 | D:3      | Reached skill level 1 in Air Magic
  1841 | D:3      | Reached skill level 1 in Earth Magic
  1841 | D:3      | Reached skill level 1 in Poison Magic
  2043 | D:3      | Noticed Natasha
  2047 | D:3      | Killed Natasha
  2048 | D:3      | Reached XP level 5. HP: 37/37 MP: 4/12
  2124 | D:3      | Noticed Sigmund
  2132 | D:3      | Killed Sigmund
  2133 | D:3      | Reached skill level 5 in Dodging
  2133 | D:3      | Reached XP level 6. HP: 29/44 MP: 5/14
  2217 | D:3      | Found a runed translucent door.
  2218 | D:3      | Noticed Crazy Yiuf
  2366 | D:3      | Found a runed translucent gate.
  2366 | D:3      | Found a runed translucent gate.
  2367 | D:3      | Found a runed translucent gate.
  2370 | D:3      | Noticed Touch's ghost (weakling DsMo)
  2458 | D:3      | Killed Crazy Yiuf
  2554 | D:3      | Killed Touch's ghost
  2830 | D:4      | Reached XP level 7. HP: 40/50 MP: 8/15
  2892 | D:4      | Learned a level 2 spell: Poisonous Vapours
  2955 | D:5      | Entered Level 5 of the Dungeon
  3085 | D:4      | Slain by a phantom

Illustrated notes

Levels and vault maps discovered:
D:1:      psy_arrival_statuary, layout_loops_ring,
          ebering_ecumenical_altar_webs, serial_shops, shop_statue, shop_coins
D:2:      layout_loops_ring, nicolae_underground_beach
D:3:      layout_basic, gammafunk_ghost_necromancy, nicolae_eternal_life,
          hangedman_decor_push, corner_web_ring, serial_park_tiny_2,
          uniq_natasha, uniq_sigmund, uniq_crazy_yiuf_cottage
D:4:      layout_basic, kennysheep_slug_shrine, serial_shops, shop_statue
D:5:      minmay_evil_eye, layout_rooms, xom_teletrap_fun, serial_demonic,
          serial_demonic_c, serial_demonic_e, serial_demonic_a, serial_demonic_e

Skill      XL: |  1  2  3  4  5 |
---------------+----------------+-----
Spellcasting   | 5 |  5.5
Invocations    | 1 2 |  2.5
Fighting       | 1 2 |  2.3
Short Blades   | 1 2 |  2.3
Long Blades    | 1 2 |  2.3
Axes           | 1 2 |  2.3
Maces & Flails | 1 2 |  2.3
Polearms       | 1 2 |  2.3
Staves         | 1 2 |  2.3
Ranged Weapons | 1 2 |  2.3
Throwing       | 1 2 |  2.3
Armour         | 1 2 |  2.3
Shields        | 1 2 |  2.3
Unarmed Combat | 1 2 |  2.3
Evocations     | 1 2 |  2.3
Hexes          | 1 |  1.9
Summonings     | 1 |  1.9
Necromancy     | 1 |  1.9
Translocations | 1 |  1.9
Transmutations | 1 |  1.9
Fire Magic     | 1 |  1.9
Ice Magic      | 1 |  1.9
Air Magic      | 1 |  1.9
Earth Magic    | 1 |  1.9
Poison Magic   | 1 |  1.9
Dodging        | 5 |  5.1
Stealth        | |  4.8
Conjurations   | |  7.4

Action                     |  1- 3 |  4- 6 |  7- 9 || total
---------------------------+-------+-------+-------++-------
  Melee: Mace              |     1 |       |       ||     1
         Quarterstaff      |       |       |     7 ||     7
   Cast: Magic Dart        |    61 |    44 |    10 ||   115
         Searing Ray       |     3 |    12 |       ||    15
         Poisonous Vapours |       |       |     2 ||     2
    Use: Scroll            |     8 |     3 |     2 ||    13
         Potion            |       |       |     2 ||     2
 Armour: Robe              |       |     5 |     9 ||    14
         Skin              |       |       |     3 ||     3
  Dodge: Dodged            |     5 |     9 |    36 ||    50

Table legend: (Time is in decaauts)
 A = Elapsed time spent in this place.
 B = Non-inter-level travel time spent in this place.
 C = Inter-level travel time spent in this place.
 D = Time resting spent in this place.
 E = Time spent auto-exploring this place.
 F = Levels seen in this place.
 G = Mean time per level.
                   A        B        C        D        E       F      G
               +--------+--------+--------+--------+--------+-----+--------+
         Total |   3086 |   1320 |   1766 |    737 |      0 |   5 |  617.2 |
       Dungeon |   3086 |   1320 |   1766 |    737 |      0 |   5 |  617.2 |
               +--------+--------+--------+--------+--------+-----+--------+

Top non-repeatable levels by time:
     D:3: 1348 daAuts
     D:2: 778 daAuts
     D:1: 665 daAuts
     D:4: 286 daAuts
     D:5: 8 daAuts
